 Dungeon Crawl Stone Soup version 0.21.1-1-g345015f (webtiles) character file.

1035 theblackcape the Martial Artist (level 8, -12/58 HPs)
             Began as a Demonspawn Monk on July 7, 2018.
             Mangled by a slime creature (21 damage)
             ... on level 4 of the Dungeon.
             The game lasted 00:17:22 (5613 turns).

theblackcape the Martial Artist (Demonspawn Monk)   Turns: 5613, Time: 00:17:22

Health: -12/58     AC: 11    Str: 11      XL:     8   Next: 3%
Magic:  8/8        EV: 15    Int: 11 (12) God:
Gold:   185        SH:  0    Dex: 21 (22) Spells: 7/7 levels left

rFire    . . .     SeeInvis .     - Unarmed
rCold    . . .     Gourm    .   (no shield)
rNeg     . . .     Faith    .   a - +1 robe
rPois    .         Spirit   .   (no helmet)
rElec    .         Reflect  .   o - +0 cloak
rCorr    .         Harm     .   (no gloves)
MR       .....                  q - +0 pair of boots
Stlth    +++.......             (no amulet)
HPRegen  0.19/turn              (no ring)
MPRegen  0.11/turn              t - +4 ring of dexterity

@: sanguine armour
A: claws 2, nightstalker 1, sanguine armour 1
a: no special abilities


You were on level 4 of the Dungeon.
You were not hungry.

You visited 2 branches of the dungeon, and saw 6 of its levels.

You collected 185 gold pieces.

Inventory:

Missiles
 e - 116 stones (quivered)
 j - 2 throwing nets
Armour
 a - a +1 robe (worn)
 o - a +0 cloak (worn)
 q - a +0 pair of boots (worn)
Jewellery
 t - a +4 ring of dexterity (right claw)
Wands
 f - a wand of enslavement (8)
 C - a wand of digging (12)
Scrolls
 l - a scroll of blinking {unknown}
 m - a scroll of identify {unknown}
 n - a scroll of fog {unknown}
 r - a scroll of amnesia {unknown}
 u - a scroll of enchant armour
 x - a scroll of enchant weapon
 y - 5 scrolls of remove curse
 z - a scroll of immolation {unknown}
Potions
 c - a potion of magic {unknown}
 d - a potion of degeneration
 g - a potion of might
 h - a potion of resistance {unknown}
 i - a potion of berserk rage {unknown}
 k - 2 potions of lignification
 s - 2 potions of heal wounds {unknown}
 v - 2 potions of invisibility {unknown}
 w - 2 potions of cancellation {unknown}
 A - a potion of ambrosia {unknown}
 B - a potion of haste {unknown}
Comestibles
 b - 7 rations
 p - 10 chunks of flesh


   Skills:
 + Level 3.4 Fighting
 + Level 4.5 Dodging
 - Level 1.7 Stealth
 + Level 8.0 Unarmed Combat


You had 7 spell levels left.
You didn't know any spells.

Dungeon Overview and Level Annotations

Branches:
Dungeon (5/15)             Temple (1/1) D:4

Altars:
Ashenzari
Cheibriados
Elyvilon
Fedhas
Gozag
Hepliaklqana
Kikubaaqudgha
Makhleb
Nemelex Xobeh
Okawaru
Qazlal
Ru
Sif Muna
Trog
Uskayaw
Vehumet
Wu Jian
Xom
Zin
The Shining One


Innate Abilities, Weirdness & Mutations

You have very sharp fingernails.
You are slightly more attuned to the shadows.
When seriously injured, your bleeding wounds create armour. (AC +6)


Message History

The slime creature hits you!
* * * LOW HITPOINT WARNING * * *
You see here an arbalest.
Aiming: Enslavement
Press: ? - help, Shift-Dir - straight line, f - slime creature
Aim: a slime creature (chance to defeat MR: 28%)
Okay, then.
There is an open gate here.
The slime creature jiggles.
There is a stone staircase leading up here.
You climb upwards.
There is a stone staircase leading down here.
You claw the slime creature!
The slime creature is lightly wounded.
The slime creature hits you.
* * * LOW HITPOINT WARNING * * *
You claw the slime creature!
The slime creature is moderately wounded.
The slime creature hits you!!
You die...

#.).#### ##......
#......# #.......
#......##.....#######..
##...####8.....8#..###.#
#.......# .....##......#
#.......# 8...8##....###
#.......# ##>## #.......
#.......#########......#
#......@...<............
#......J...##########...
#.......#...## #.#.
##########...## #.##
#....# #.## #.#..####
#.## #.#.....####...
#.#.....#.....#
#####[.####...###..


You could see a slime creature.

Vanquished Creatures
  An ice beast (D:5)
  A bullfrog (D:3)
  A big kobold (D:5)
  3 scorpions
  The ghost of wilfster70 the Twirler, a weakling DsGl of Qazlal (D:3)
  A crimson imp (D:5)
  A centaur zombie (D:5)
  An orc priest (D:5)
  2 bullfrog skeletons
  2 hounds (D:5)
  Natasha (D:4)
  3 orc wizards (D:5)
  2 worker ants (D:4)
  A hound zombie (D:5)
  A howler monkey skeleton (D:4)
  7 adders
  A shadow imp (D:5)
  An ooze (D:3)
  An adder zombie (D:3)
  2 adder skeletons
  4 dart slugs
  7 leopard geckos
  14 orcs
  4 bats
  3 giant cockroaches
  13 goblins
  7 hobgoblins
  15 jackals
  A quokka (D:5)
  2 ball pythons
  A ball python skeleton (D:4)
  6 frilled lizards
  16 kobolds
  3 quokka skeletons
  6 rats
136 creatures vanquished.

Vanquished Creatures (others)
  6 fungi (D:5)
  3 toadstools (D:5)
9 creatures vanquished.

Grand Total: 145 creatures vanquished

Notes
Turn   | Place    | Note
-------+----------+-------------------------------------------
     0 | D:1      | theblackcape the Demonspawn Monk began the quest for the Orb.
     0 | D:1      | Reached XP level 1. HP: 18/18 MP: 1/1
   109 | D:1      | Reached skill level 3 in Unarmed Combat
   432 | D:1      | Gained mutation: When seriously injured, your bleeding wounds create armour. (AC +6) [demonic ancestry]
   432 | D:1      | Reached XP level 2. HP: 23/24 MP: 2/2
   991 | D:1      | Gained mutation: You have sharp fingernails. [demonic ancestry]
   991 | D:1      | Reached XP level 3. HP: 19/29 MP: 3/3
  1750 | D:1      | Reached skill level 4 in Unarmed Combat
  2238 | D:2      | Reached XP level 4. HP: 35/35 MP: 4/4
  2433 | D:2      | Found a shimmering altar of Xom.
  2502 | D:2      | Found a shimmering altar of Xom.
  2524 | D:2      | Found a shimmering altar of Xom.
  2570 | D:2      | Found a shimmering altar of Xom.
  2572 | D:2      | You fall through a shaft for 2 floors!
  2613 | D:3      | Noticed an ogre
  2907 | D:3      | Found an opulent altar of Gozag.
  3022 | D:3      | Noticed a bullfrog
  3045 | D:3      | Killed a bullfrog
  3045 | D:3      | Reached skill level 5 in Unarmed Combat
  3045 | D:3      | Reached XP level 5. HP: 37/41 MP: 5/5
  3112 | D:3      | Noticed wilfster70's ghost (weakling DsGl)
  3317 | D:3      | Found a hide-covered altar of Uskayaw.
  3333 | D:3      | Killed wilfster70's ghost
  3604 | D:3      | Gained mutation: You are slightly more attuned to the shadows. [demonic ancestry]
  3604 | D:3      | Reached XP level 6. HP: 38/47 MP: 6/6
  3907 | D:4      | Reached skill level 6 in Unarmed Combat
  4223 | D:4      | Noticed Natasha
  4233 | D:4      | Killed Natasha
  4373 | D:4      | Found a bloodstained altar of Trog.
  4418 | D:4      | Found a staircase to the Ecumenical Temple.
  4582 | Temple   | Entered the Ecumenical Temple
  4811 | D:5      | Entered Level 5 of the Dungeon
  4834 | D:5      | Reached XP level 7. HP: 43/52 MP: 7/7
  4902 | D:5      | Reached skill level 7 in Unarmed Combat
  5516 | D:5      | Reached skill level 8 in Unarmed Combat
  5516 | D:5      | Gained mutation: You have very sharp fingernails. [demonic ancestry]
  5516 | D:5      | Reached XP level 8. HP: 42/58 MP: 8/8
  5570 | D:5      | Noticed a slime creature
  5571 | D:5      | Noticed a slime creature
  5571 | D:5      | Noticed a slime creature
  5613 | D:4      | Mangled by a slime creature

Skill      XL: |  1  2  3  4  5  6  7 |
---------------+----------------------+-----
Unarmed Combat | 3 4 5 6 8 |  8.0
Dodging        | 3 4 |  4.5
Fighting       | |  3.4
Stealth        | |  1.7

Action                   |  1- 3 |  4- 6 |  7- 9 || total
-------------------------+-------+-------+-------++-------
Melee: Unarmed           |   120 |   229 |   106 ||   455
       Punch             |       |     9 |     4 ||    13
Throw: Stone             |    14 |       |       ||    14
  Use: Scroll            |     1 |     3 |       ||     4
       Potion            |       |     2 |       ||     2
 Stab: Sleeping          |     6 |     6 |     4 ||    16
       Distracted        |       |     1 |       ||     1
  Eat: Chunk             |     4 |     8 |       ||    12
       Ration            |       |       |     1 ||     1
Armor: Robe              |    20 |    35 |    23 ||    78
       Skin              |       |     3 |       ||     3
Dodge: Dodged            |    91 |   139 |    77 ||   307
